 Dungeon Crawl Stone Soup version 0.27.1-4-g1640c2035a (webtiles) character file.

Game seed: 7756184981208108410

1587 ABBCCCDDDD the Cleaver (level 8, 0/109 HPs)
             Began as a Hill Orc Delver on Nov 2, 2021.
             Was an Initiate of Trog.
             Slain by a killer bee (7 damage)
             ... on level 7 of the Dungeon.
             The game lasted 00:12:03 (8013 turns).

ABBCCCDDDD the Cleaver (Hill Orc Delver)            Turns: 8013, Time: 00:12:03

Health: 0/109      AC: 24    Str: 17    XL:     8   Next: 92%
Magic:  8/8        EV:  2    Int: 10    God:    Trog [......]
Gold:   224        SH:  0    Dex: 12    Spells: 7/7 levels left

rFire    + . .     SeeInvis .   u - +2 hand axe (freeze)
rCold    . . .     Faith    .   (no shield)
rNeg     + + +     Spirit   .   (armour currently unavailable)
rPois    +         Reflect  .   (helmet currently unavailable)
rElec    .         Harm     .   (cloak currently unavailable)
rCorr    .         Rampage  .   (gloves currently unavailable)
Will     .....     NoTele   +   (boots currently unavailable)
Stlth    ++........             (no amulet)
HPRegen  0.28/turn              r - ring of protection from fire
MPRegen  0.11/turn              (no ring)

@: tree-form, hasted (expiring), very quick
A: stationary, stasis, torment immunity, boosted hp
a: Renounce Religion


You were on level 7 of the Dungeon.
You worshipped Trog.
Trog was noncommittal.
You were a tree.
You visited 2 branches of the dungeon, and saw 8 of its levels.

You collected 224 gold pieces.

Inventory:

Hand Weapons
 u - a +2 hand axe of freezing (weapon)
Missiles
 B - a poisoned dart (quivered)
Armour
 b - a +0 leather armour
 n - a +0 chain mail (melded)
 t - a +0 kite shield
Jewellery
 k - a ring of ice
 o - a ring of fire
 r - a ring of protection from fire (left branch)
 w - a ring of magical power
 y - a ring of protection from fire
Wands
 f - a wand of flame (6)
 g - a wand of digging (3)
Scrolls
 a - a scroll of holy word
 c - 4 scrolls of fog
 d - 3 scrolls of magic mapping
 i - 2 scrolls of vulnerability
 l - a scroll of brand weapon
 m - 2 scrolls of enchant weapon
 z - a scroll of noise {unknown}
 A - a scroll of amnesia {unknown}
 D - a scroll of teleportation {unknown}
Potions
 e - a potion of haste
 p - a potion of attraction {unknown}
 q - a potion of heal wounds {unknown}
 x - a potion of might
 C - a potion of flight {unknown}


   Skills:
 + Level 7.4 Fighting
 * Level 10.3 Axes
 - Level 4.0 Armour
 - Level 1.5 Dodging
 - Level 4.1 Stealth
 + Level 3.8 Shields


You had 7 spell levels left.
You didn't know any spells.
Your spell library contained the following spells:

 Spells                   Type           Power      Damage    Failure   Level
 Ensorcelled Hibernation  Hex/Ice        0%         N/A       50%         2
 Spider Form              Tmut/Pois      0%         N/A       75%         3
 Shadow Creatures         Summ           N/A        N/A       100%        6


Dungeon Overview and Level Annotations

Branches:
Dungeon (7/15)             Temple (1/1) D:5

Altars:
Cheibriados
Dithmenos
Gozag
Hepliaklqana
Kikubaaqudgha
Makhleb
Nemelex Xobeh
Okawaru
Qazlal
Ru
Sif Muna
Trog
Uskayaw
Vehumet
Wu Jian
Xom
Yredelemnul
Zin
The Shining One

Shops:
D:5 **

Annotations:
D:4 Blork the orc
D:5 3 runed translucent doors, mandor's ghost, novice DgEE


Message History

* * * LOW HITPOINT WARNING * * *
You closely miss the killer bee.
The killer bee is almost dead.
You feel sick.
The killer bee stings you but does no damage.
You hit the killer bee. You freeze the killer bee.
You kill the killer bee!
Trog accepts your kill.
You feel sick.
Your life force feels restored.
You slash the killer bee! You freeze the killer bee.
The killer bee is almost dead.
The killer bee stings you but does no damage.
You closely miss the killer bee.
The killer bee is almost dead.
You feel sick.
The killer bee stings you but does no damage.
You hit the killer bee. You freeze the killer bee.
You kill the killer bee!
Trog accepts your kill.
You cannot move.
You cannot move.
You start resting.
You feel sick. x2
A killer bee is nearby!
You feel sick.
You are no longer poisoned.
You closely miss the killer bee.
Your extra speed is starting to run out.
The killer bee barely misses you.
You hit the killer bee. You freeze the killer bee.
The killer bee is lightly wounded.
The killer bee stings you but does no damage.
You hit the killer bee. You freeze the killer bee.
The killer bee is heavily wounded.
The killer bee stings you!
* * * LOW HITPOINT WARNING * * *
You hit the killer bee. You freeze the killer bee.
The killer bee is severely wounded.
The killer bee stings you!
You die...

#...# #.#<# #...#
#.#)# #o..# #.#.#
##'## #.#.#
#.######.#.#######
#.................
#######..#o#######
#y##y# #.##♣#
#############.##.#
..y.......y...##.#
y.yy...y.####y##.#
###.####.## #.##..
# #§###...###y####
# #...........# #
#####...##### #
##.##


You could see an orc warrior and a killer bee.

Levels and vault maps discovered:
D:1:      kilobyte_arrival_exit_the_forest, layout_rooms,
          hellmonk_ecumenical_altar_pennies_from_heaven,
          minmay_misc_feat_pillars, grunt_decor_arrowhead
D:2:      layout_basic, minivault_24, hex_large
D:3:      layout_loops_ring, mainiacjoe_overflow_six_doors_small
D:4:      layout_loops_ring, uniq_blork_the_orc, uniq_eustachio, uniq_ijyb
D:5:      layout_rooms, temple_statues, gammafunk_ghost_split,
          nicolae_specific_store, chequers_mini_garden, kennysheep_minor_cross,
          minmay_circle_x
D:6:      layout_loops_corners, chequers_temple_overflow_statue_of_worship,
          minmay_mini_ossuary, uniq_crazy_yiuf_cottage, uniq_duvessa,
          uniq_edmund
D:7:      layout_loops_ring, fedhas_altar_4, pf_just_have_faith,
          nicolae_ossuary_entry_giza, gammafunk_ghost_split,
          lightli_corner_chamber, uniq_menkaure, uniq_joseph
Temple:   regret_index_temple_sphere_string

Notes
Turn   | Place    | Note
-------+----------+-------------------------------------------
     0 | D:5      | ABBCCCDDDD the Hill Orc Delver began the quest for the Orb.
     0 | D:5      | Reached XP level 1. HP: 19/19 MP: 1/1
     1 | D:5      | Noticed mandor's ghost (novice DgEE)
     2 | D:5      | Noticed an orc wizard
   149 | D:1      | Reached skill level 3 in Axes
   252 | D:1      | Reached XP level 2. HP: 24/27 MP: 2/2
   437 | D:1      | Reached skill level 1 in Armour
   534 | D:1      | Found a faded altar of an unknown god.
  1136 | D:2      | Reached XP level 3. HP: 11/33 MP: 3/3
  1602 | D:2      | Reached skill level 4 in Axes
  2424 | D:3      | Found a shimmering blue altar of Sif Muna.
  2522 | D:3      | Reached XP level 4. HP: 40/40 MP: 4/4
  3011 | D:4      | Noticed a scorpion
  3026 | D:4      | Killed a scorpion
  3027 | D:4      | Reached skill level 5 in Axes
  3027 | D:4      | Reached XP level 5. HP: 17/47 MP: 5/5
  3505 | D:4      | Noticed Blork the orc
  3531 | D:5      | Found Nyehaos's Specific Store.
  3531 | D:5      | Found Qirhos's General Store.
  3534 | D:5      | Noticed a sky beast
  3549 | D:5      | Noticed a water moccasin
  3567 | D:5      | Noticed an ogre
  3591 | D:4      | Reached skill level 5 in Fighting
  3644 | D:4      | Reached XP level 6. HP: 51/56 MP: 6/6
  3746 | D:4      | Noticed Ijyb
  3752 | D:4      | Killed Ijyb
  3753 | D:4      | Reached skill level 6 in Axes
  3805 | D:4      | Noticed Eustachio
  4719 | D:4      | Killed a water moccasin
  4720 | D:4      | Reached skill level 7 in Axes
  4886 | D:5      | Reached XP level 7. HP: 57/61 MP: 7/7
  4957 | D:5      | Found a staircase to the Ecumenical Temple.
  4976 | Temple   | Entered the Ecumenical Temple
  5197 | Temple   | Became a worshipper of Trog the Wrathful
  5779 | D:4      | Killed Eustachio
  5780 | D:4      | Reached skill level 8 in Axes
  5780 | D:4      | Reached skill level 1 in Shields
  5925 | D:5      | Reached XP level 8. HP: 49/71 MP: 8/8
  6345 | D:5      | Reached skill level 9 in Axes
  6473 | D:6      | Noticed Edmund
  6687 | D:5      | Killed Edmund
  7340 | D:6      | PanSaczeczos: essence of dcss
  7350 | D:6      | PanSaczeczos: running around the pillar
  7350 | D:6      | ABBCCCDDDD: =)
  7668 | D:6      | Found an iron altar of Okawaru.
  7668 | D:6      | Found a hide-covered altar of Uskayaw.
  7760 | D:7      | Reached skill level 10 in Axes
  8013 | D:7      | Slain by a killer bee

Table legend: (Time is in decaauts)
 A = Elapsed time spent in this place.
 B = Non-inter-level travel time spent in this place.
 C = Inter-level travel time spent in this place.
 D = Time resting spent in this place.
 E = Time spent auto-exploring this place.
 F = Levels seen in this place.
 G = Mean time per level.
                   A        B        C        D        E       F      G
               +--------+--------+--------+--------+--------+-----+--------+
         Total |   7996 |   7608 |    388 |   2865 |   3138 |   8 |  999.5 |
       Dungeon |   7752 |   7399 |    353 |   2865 |   2946 |   7 | 1107.4 |
        Temple |    243 |    208 |     35 |      0 |    192 |   1 |  243.0 |
               +--------+--------+--------+--------+--------+-----+--------+

Top non-repeatable levels by time:
     D:4: 1867 daAuts
     D:5: 1819 daAuts
     D:3: 1420 daAuts
     D:2: 1022 daAuts
     D:1: 910 daAuts
     D:6: 463 daAuts
     D:7: 248 daAuts
  Temple: 243 daAuts

Table legend:
 A = Kills in this place as a percentage of kills in entire the game.
 B = Kills by you in this place as a percentage of kills by you in the entire game.
 C = Kills by friends in this place as a percentage of kills by friends in the entire game.
 D = Other kills in this place as a percentage of other kills in the entire game.
 E = Experience gained in this place as a percentage of experience gained in the entire game.
 F = Experience gained in this place divided by the number of levels of this place that you have seen.
                   A       B       C       D       E      F
               +-------+-------+-------+-------+-------+----------------------
         Total | 100.0 | 100.0 |   N/A |   N/A | 100.0 | 283.5
       Dungeon | 100.0 | 100.0 |   N/A |   N/A | 100.0 | 324.0
               +-------+-------+-------+-------+-------+----------------------

Action                   |  1- 3 |  4- 6 |  7- 9 || total
-------------------------+-------+-------+-------++-------
Melee: Hand axe          |   125 |   122 |   198 ||   445
Throw: Dart              |       |       |     9 ||     9
Evoke: Wand              |       |     3 |     9 ||    12
  Use: Scroll            |       |     2 |     5 ||     7
       Potion            |       |     1 |     4 ||     5
 Stab: Sleeping          |     5 |       |       ||     5
       Distracted        |     1 |       |       ||     1
Armor: Leather armour    |    16 |       |       ||    16
       Chain mail        |    45 |    75 |    63 ||   183
       Skin              |       |       |     7 ||     7
Dodge: Dodged            |    57 |    48 |    49 ||   154

Vanquished Creatures
  Eustachio (D:4)
  Edmund (D:5)
  A water moccasin (D:4)
  2 ogres
  A sky beast (D:5)
  A phantom (D:5)
  A scorpion (D:4)
  A water moccasin skeleton (D:5)
  4 killer bees (D:7)
  3 wights (D:6)
  A bullfrog zombie (D:5)
  A jelly (D:5)
  A gnoll shaman (D:5)
  3 orc priests
  Ijyb (D:4)
  2 iguanas
  3 hound skeletons
  A mummy (D:6)
  8 gnolls
  5 adders
  A white imp (D:4)
  An ufetubus (D:5)
  3 orcs
  5 ball pythons
  4 bats
  5 endoplasms
  3 giant cockroaches
  4 hobgoblins
  4 jackals (D:1)
  4 kobolds
  4 quokkas
  3 frilled lizards
  2 hobgoblin zombies (D:6)
  2 kobold zombies (D:6)
  2 rats (D:1)
89 creatures vanquished.
